 Dungeon Crawl Stone Soup version 0.32-a0-814-g0968bab981 (webtiles) character file.

Game seed: 1408553735121506243

495 warriortoast the Sneak (level 7, -9/46 HPs)
             Began as an Octopode Shapeshifter on Mar 22, 2024.
             Mangled by a gnoll
             ... wielding a +0 halberd
              (12 damage)
             ... on level 5 of the Dungeon.
             The game lasted 00:05:55 (3492 turns).

warriortoast the Sneak (Octopode Shapeshifter)      Turns: 3492, Time: 00:05:56

Health: -9/46      AC:  1    Str: 16    XL:     7   Next: 15%
Magic:  7/7        EV: 12    Int: 12    God:
Gold:   180        SH:  0    Dex: 11    Spells: 6/6 levels left

rFire   . .          .
                       - Unarmed
rCold   . . .        (no shield)
rNeg    . . .        (helmet currently unavailable)
rPois   .            (no amulet)
rElec   .            (no ring)
rCorr   .            (no ring)
SInv    .            (no ring)
Will    .....        (no ring)
Stlth   ++++         (no ring)
HPRegen 0.27/turn    (no ring)
MPRegen 0.10/turn    (no ring)
                     (no ring)

%: no passive effects
@: beast-form
A: beast (slay +2), almost no armour, amphibious, 8 rings, camouflage 1,
gelatinous body 1, (nimble swimmer 1), tentacles
a: Begin Untransformation


You were on level 5 of the Dungeon.
You were a hulking beast.
You visited 1 branch of the dungeon, and saw 5 of its levels.

You collected 180 gold pieces.

Inventory:

Missiles
 m - 3 boomerangs (quivered)
Armour
 l - a scarf of invisibility
Jewellery
 o - a ring of protection from cold
Talismans
 b - a beast talisman (active)
 c - a flux talisman
Scrolls
 e - 3 scrolls of teleportation
 f - 2 scrolls of noise
Potions
 a - a potion of lignification
 d - a potion of haste
 g - 7 potions of curing
 h - 2 potions of enlightenment
 i - 2 potions of heal wounds {unknown}
 j - a potion of invisibility {unknown}
 k - a potion of might {unknown}
 n - a potion of attraction {unknown}
 p - 4 potions of mutation {unknown}


   Skills:
 + Level 3.5 Fighting
 - Level 2.0 Dodging
 - Level 5.0 Stealth
 + Level 4.7 Unarmed Combat
 + Level 4.4 Shapeshifting


You had 6 spell levels left.
You didn't know any spells.
Your spell library was empty.

Dungeon Overview and Level Annotations

Branches:
Dungeon (5/15)
 Temple: D:4-7

Altars:
Elyvilon
Gozag

Annotations:
D:3 2 transporters, bigduke15's ghost, amateur HuIE


Innate Abilities, Weirdness & Mutations

You are a hulking beast.
Your limbs bulge with bestial killing power. (Slay +2)
You cannot wear most types of armour.
You are amphibious.
You can wear up to eight rings at the same time.
Your skin changes colour to match your surroundings (Stealth+).
Your rubbery body absorbs attacks. (AC +1, EV +1)
((You are camouflaged when in or above water. (Stealth+)))
You have tentacles for arms and can constrict up to eight enemies at once.


Message History

The hound closely misses you. The hound bites you.
The gnoll hits you from afar with a +0 halberd.
The hound attacks as it pursues you! The hound misses you.
The hound attacks as it pursues you! The hound bites you.
The hound barely misses you.
You hear the rusting of a distant drain.
The hound closely misses you.
You tentacle-slap the hound. Your grab misses the hound.
The hound is lightly wounded.
The hound bites you.
You barely miss the hound. You grab the hound.
The hound is lightly wounded.
You constrict the hound. The hound misses you. The hound bites you.
You bludgeon the hound! You squeeze the hound.
The hound is severely wounded.
You constrict the hound. The hound bites you.
You bludgeon the hound!
You kill the hound!
The hound bites you.
* * * LOW HITPOINT WARNING * * *
You tentacle-slap the hound. You grab the hound. Your squeeze misses the hound.
The hound is moderately wounded.
You constrict the hound. The hound bites you.
* * * LOW HITPOINT WARNING * * *
The gnoll barely misses you.
You completely miss the hound. You squeeze the hound.
The hound is almost dead.
You constrict the hound.
You kill the hound!
The gnoll hits you from afar with a +0 halberd.
* * * LOW HITPOINT WARNING * * *
Training target 5.0 for Stealth reached!
Your Stealth skill increases to level 5!
Unknown command.
Unknown command.
Unknown command.
Unknown command.
Unknown command.
The gnoll hits you with a +0 halberd!
You die...

####.... .......#####
#....#...# # #...P#...#..#
#.###### #...'...##o#
#......### #.gP#'#+#...
#..#.....# #...# # #.#
##$.#.....####..#####...
............hg...##.##.###.##
##..#.....#########.##....o.o
#.#.....# ##.##.# #.###.#.#
#.....# #..))...# #..##.#
#.###.#.########..##)#
#.###.............##)#
#.............###.##.#
######..####...##..).######


You could see a gnoll.

Vanquished Creatures
  4 bombardier beetles
  An orc priest (D:5)
  3 hounds
  A sleepcap (D:5)
  2 iguanas (D:5)
  2 orc wizards (D:5)
  5 adders
  A ribbon worm (D:2)
  4 dart slugs
  8 orcs (D:5)
  4 endoplasms
  2 giant cockroaches
  6 goblins
  3 hobgoblins
  2 kobolds
  7 ball pythons
  13 bats
  3 frilled lizards
71 creatures vanquished.

Notes
Turn   | Place    | Note
-------+----------+-------------------------------------------
     0 | D:1      | warriortoast the Octopode Shapeshifter began the quest for
                  | the Orb.
     0 | D:1      | Reached XP level 1. HP: 13/13 MP: 1/1
   293 | D:1      | Reached XP level 2. HP: 18/18 MP: 2/2
   297 | D:1      | Reached skill level 1 in Stealth
   880 | D:2      | Reached XP level 3. HP: 19/23 MP: 3/3
   973 | D:2      | Reached skill level 2 in Stealth
  1045 | D:2      | Reached XP level 4. HP: 21/29 MP: 4/4
  1932 | D:3      | Found a white marble altar of Elyvilon.
  2166 | D:3      | Found a transporter.
  2169 | D:3      | Noticed bigduke15's ghost (amateur HuIE)
  2183 | D:3      | Found a transporter.
  2429 | D:3      | Found a faded altar of an unknown god.
  2506 | D:4      | Reached skill level 3 in Stealth
  2506 | D:4      | Reached XP level 5. HP: 4/35 MP: 5/5
  2566 | D:4      | Found an opulent altar of Gozag.
  3151 | D:4      | Reached XP level 6. HP: 34/41 MP: 6/6
  3229 | D:5      | Entered Level 5 of the Dungeon
  3253 | D:5      | Reached skill level 4 in Stealth
  3451 | D:5      | Reached XP level 7. HP: 32/46 MP: 7/7
  3491 | D:5      | HP: 2/46 [gnoll/+0 halberd (6)]
  3492 | D:5      | Reached skill level 5 in Stealth
  3492 | D:5      | Mangled by a gnoll

Illustrated notes

Levels and vault maps discovered:
D:1:      dpeg_arrival_renting, layout_basic, serial_park_tiny_2
D:2:      layout_rooms
D:3:      layout_basic, elyvilon_altar_1, gammafunk_ghost_stat_death,
          shapermc_ecumenical_altar_petra
D:4:      layout_rooms, nicolae_gozag_seed_capital, serial_bayou_ford_a
D:5:      layout_loops_ring, portal_sewer_entry_c, cheibrodos_gnoll_hut

Skill      XL: |  1  2  3  4  5  6  7 |
---------------+----------------------+-----
Stealth        | 1 2 3 4 5 |  5.0
Fighting       | 2 3 |  3.5
Unarmed Combat | 4 |  4.7
Shapeshifting  | 4 |  4.4
Dodging        | |  2.0

Action                     |  1- 3 |  4- 6 |  7- 9 || total
---------------------------+-------+-------+-------++-------
  Melee: Unarmed           |    51 |    86 |     7 ||   144
         Tentacles         |     6 |    15 |     2 ||    23
         Constrict         |    11 |    27 |     2 ||    40
         Punch             |     1 |     1 |       ||     2
  Throw: Boomerang         |     6 |       |       ||     6
    Use: Scroll            |       |     8 |       ||     8
   Stab: Sleeping          |     5 |     9 |       ||    14
 Armour: Skin              |    27 |    31 |    13 ||    71
  Dodge: Dodged            |    30 |    22 |     9 ||    61

Table legend: (Time is in decaauts)
 A = Elapsed time spent in this place.
 B = Non-inter-level travel time spent in this place.
 C = Inter-level travel time spent in this place.
 D = Time resting spent in this place.
 E = Time spent auto-exploring this place.
 F = Levels seen in this place.
 G = Mean time per level.
                   A        B        C        D        E       F      G
               +--------+--------+--------+--------+--------+-----+--------+
         Total |   3482 |   3431 |     51 |    798 |   1933 |   5 |  696.4 |
       Dungeon |   3482 |   3431 |     51 |    798 |   1933 |   5 |  696.4 |
               +--------+--------+--------+--------+--------+-----+--------+

Top non-repeatable levels by time:
     D:3: 1020 daAuts
     D:1: 842 daAuts
     D:4: 754 daAuts
     D:2: 606 daAuts
     D:5: 259 daAuts
